 Dungeon Crawl Stone Soup version 0.19.1 (console) character file.

20663 Kloppie the Basher (level 12, -10/147 HPs)
             Began as a Demonspawn Berserker on Nov 25, 2016.
             Was a High Priest of Trog.
             Mangled by an eight-headed hydra (12 damage)
             ... on level 1 of the Lair of Beasts.
             The game lasted 00:23:30 (15522 turns).

Kloppie the Basher (Demonspawn Berserker)          Turns: 15522, Time: 00:23:30

Health: -10/147    AC: 25    Str: 22    XL:     12   Next: 47%
Magic:  12/12      EV:  9    Int:  9    God:    Trog [*****.]
Gold:   622        SH:  0    Dex: 18    Spells: 0 memorised, 11 levels left

rFire  + + .     SeeInvis +     a - +0 flail (protect)
rCold  . . .     Gourm    .     A - +1 chain mail {MR+}
rNeg   . . .     Faith    .     (no shield)
rPois  +         Spirit   .     (helmet unavailable)
rElec  .         Reflect  .     (no cloak)
rCorr  .         Harm     .     p - +1 pair of gloves
MR     +....                    (no boots)
Stlth  ..........               (no amulet)
                                s - ring of poison resistance
                                m - ring of protection from fire

@: berserking, protection aura, very quick
A: antennae 3, molten scales 3, powered by death 1
a: Berserk, Trog's Hand, Brothers in Arms, Burn Spellbooks, Renounce Religion


You were on level 1 of the Lair of Beasts.
You worshipped Trog.
Trog was extremely pleased with you.
You were very hungry.

You visited 2 branches of the dungeon, and saw 12 of its levels.
You also visited: Ossuary.

You collected 759 gold pieces.
You spent 137 gold pieces at shops.

Inventory:

Hand Weapons
 a - a +0 flail of protection (weapon)
 I - a +4 great mace of crushing
Armour
 p - a +1 pair of gloves (worn)
 r - a +0 plate armour
 A - a +1 chain mail of magic resistance (worn)
Rods
 G - a +0 rod of clouds (12/12)
   (You found it on level 10 of the Dungeon)
Jewellery
 i - an uncursed ring of stealth
 m - a ring of protection from fire (left hand)
 s - a ring of poison resistance (right hand)
 E - an uncursed ring of flight
Wands
 e - a wand of lightning (14/15)
 o - a wand of flame (43/48)
 y - a wand of teleportation (6/9)
 C - a wand of enslavement (12/24)
Scrolls
 b - 6 scrolls of remove curse
 d - 2 scrolls of noise
 l - 3 scrolls of teleportation
 v - 5 scrolls of blinking
 D - a scroll of fog
 F - 2 scrolls of enchant armour
Potions
 f - 6 potions of curing
 k - 2 potions of invisibility
 n - a potion of cure mutation
 u - a potion of might
 z - a potion of agility {unknown}
 B - 4 potions of flight
 H - a potion of berserk rage
Books
 g - a book of Minor Magic

   Spells                             Type                      Level
   a - Magic Dart                     Conjuration                  1
   b - Blink                          Translocation                2
   c - Call Imp                       Summoning                    2
   d - Repel Missiles                 Charms/Air                   2
   e - Slow                           Hexes                        2
   f - Conjure Flame                  Conjuration/Fire             3
   g - Mephitic Cloud                 Conjuration/Poison/Air       3
   Trog disapproves of the use of such an item.
Comestibles
 c - 12 bread rations
 h - 4 beef jerkies
 j - 3 fruits
 q - a chunk of flesh
 t - a meat ration
 w - 3 slices of pizza
 x - 14 royal jellies


   Skills:
 + Level 10.4 Fighting
 - Level 14.8 Maces & Flails
 - Level 7.7 Armour
 - Level 1.7 Dodging


You had 11 spell levels left.
You didn't know any spells.

Dungeon Overview and Level Annotations

Branches:
Dungeon (11/15)            Temple (0/1) D:4            Lair (1/6) D:11
    Orc: D:9-12

Altars:
Ashenzari
Cheibriados
Fedhas
Gozag
Nemelex Xobeh
Okawaru
Qazlal
Ru
Uskayaw
Xom
Zin

Shops:
D:6 *   D:8 [   D:10 }

Annotations:
D:10 Fannar


Innate Abilities, Weirdness & Mutations

You have a pair of large antennae on your head. (SInv)
You are completely covered in molten scales. (AC +4, rF+)
You regenerate a little health from kills.


Message History

The eight-headed hydra misses you.
The eight-headed hydra bites you but does no damage.
The eight-headed hydra closely misses you.
The eight-headed hydra bites you but does no damage. x2
The eight-headed hydra bites you!
* * * LOW HITPOINT WARNING * * *
The eight-headed hydra bites you.
* * * LOW HITPOINT WARNING * * *
You bludgeon the eight-headed hydra!!
The eight-headed hydra is heavily wounded.
You barely miss the eight-headed hydra.
The eight-headed hydra is heavily wounded.
The eight-headed hydra bites you but does no damage.
The eight-headed hydra barely misses you.
The eight-headed hydra bites you!
* * * LOW HITPOINT WARNING * * *
The eight-headed hydra bites you!
* * * LOW HITPOINT WARNING * * *
The eight-headed hydra bites you!
You die...

# ## .### ..P##
#### #...#
##..# ##..##
##...# ##..##
#....# ##>.##
##.D.# # ##..##
##..@# #
##..#####....##
##.......P#..##
##(..######..##
########.###
###.##
.........#
##.##
.........# #..#
####.##..##
###.## # #...##
###...#


You could see an eight-headed hydra.

Vanquished Creatures
  3 hydras
  The ghost of vuolankoinen the Covert, a novice KoEn of Uskayaw (D:9)
  2 hill giants (D:11)
  The ghost of Kiel97 the Spear-Bearer, a novice MiMo of Okawaru (D:6)
  A cyclops (D:11)
  An ugly thing (D:11)
  The ghost of ohados the Changer, a novice NaTm (Ossuary)
  A gargoyle (D:10)
  2 spiny frogs
  An efreet (D:11)
  A rime drake (Lair:1)
  2 trolls
  A queen bee (D:10)
  A two-headed ogre (D:9)
  3 hippogriffs
  A hornet (D:11)
  The ghost of Banto the Slasher, an amateur HESk of Okawaru (D:4)
  A wyvern (D:10)
  A spriggan (D:7)
  Sigmund (D:3)
  A basilisk (Lair:1)
  A wraith (Ossuary)
  23 yaks
  2 steam dragons
  Edmund (D:6)
  A water moccasin (Lair:1)
  Duvessa (D:6)
  2 porcupines (Lair:1)
  An orc warrior (D:9)
  2 sky beasts
  2 black bears (D:10)
  2 ice beasts
  3 ogres
  3 phantoms
  A necrophage (D:8)
  6 wolves (Lair:1)
  3 centaurs
  6 crocodiles
  7 bullfrogs
  A wyvern zombie (D:7)
  3 scorpions
  Dowan (D:6)
  31 killer bees
  A bullfrog zombie (D:9)
  3 howler monkeys
  7 crimson imps
  4 centaur zombies
  7 jellies
  A quasit (D:9)
  7 hounds
  4 bullfrog skeletons
  7 orc priests
  3 centaur skeletons
  Ijyb (D:3)
  4 iguanas
  5 orc wizards
  10 worker ants
  A killer bee zombie (D:10)
  2 hound skeletons
  3 mummies (Ossuary)
  A worker ant zombie (D:8)
  10 adders
  4 gnolls (D:8)
  2 shadow imps
  2 adder zombies
  4 worms
  A dart slug (D:3)
  6 leopard geckos
  31 orcs
  2 ball pythons
  7 bats
  4 giant cockroaches
  A gnoll zombie (Ossuary)
  10 goblins
  11 hobgoblins
  9 jackals
  3 quokkas
  4 frilled lizards
  3 goblin zombies (Ossuary)
  3 hobgoblin zombies (Ossuary)
  A jackal zombie (D:6)
  4 kobolds (D:1)
  A kobold zombie (Ossuary)
  A quokka skeleton (D:9)
  6 rats
332 creatures vanquished.

Vanquished Creatures (collateral kills)
  Harold (D:10)
1 creature vanquished.

Grand Total: 333 creatures vanquished

Notes
Turn   | Place    | Note
-------+----------+-------------------------------------------
     0 | D:1      | Kloppie the Demonspawn Berserker began the quest for the Orb.
     0 | D:1      | Reached XP level 1. HP: 18/18 MP: 1/1
    85 | D:1      | Reached skill level 3 in Maces & Flails
   156 | D:1      | Gained mutation: You are partially covered in molten scales. (AC +2) [demonic ancestry]
   156 | D:1      | Reached XP level 2. HP: 16/24 MP: 2/2
   800 | D:1      | Reached XP level 3. HP: 29/29 MP: 3/3
  1033 | D:2      | Found a sacrificial altar of Ru.
  1033 | D:2      | Found a sparkling altar of Nemelex Xobeh.
  1227 | D:2      | Reached ** piety under Trog
  1334 | D:2      | Gained mutation: You have a pair of small antennae on your head. [demonic ancestry]
  1334 | D:2      | Reached XP level 4. HP: 37/37 MP: 4/4
  1354 | D:2      | Found a hide-covered altar of Uskayaw.
  1756 | D:3      | Noticed Sigmund
  1770 | D:3      | Killed Sigmund
  1770 | D:3      | Reached skill level 4 in Maces & Flails
  1770 | D:3      | Gained mutation: You have a pair of antennae on your head. [demonic ancestry]
  1770 | D:3      | Reached XP level 5. HP: 43/43 MP: 5/5
  1803 | D:3      | Found a shattered altar of Ashenzari.
  1816 | D:3      | Found a faded altar of an unknown god.
  2291 | D:3      | Reached skill level 5 in Maces & Flails
  2296 | D:3      | Noticed Ijyb
  2399 | D:3      | Killed Ijyb
  2944 | D:4      | Noticed Banto's ghost (amateur HESk)
  2961 | D:4      | Killed Banto's ghost
  2961 | D:4      | Reached skill level 5 in Fighting
  2961 | D:4      | Gained mutation: You are mostly covered in molten scales. (AC +3) [demonic ancestry]
  2961 | D:4      | Reached XP level 6. HP: 48/51 MP: 6/6
  3334 | D:4      | Reached skill level 6 in Maces & Flails
  3342 | D:4      | Reached XP level 7. HP: 19/56 MP: 7/7
  3627 | D:4      | Found a staircase to the Ecumenical Temple.
  4106 | D:5      | Entered Level 5 of the Dungeon
  4153 | D:5      | Found a blossoming altar of Fedhas.
  4379 | D:5      | Reached *** piety under Trog
  4542 | D:5      | Reached skill level 7 in Maces & Flails
  5375 | D:6      | Found Tefoiree's General Store.
  5394 | D:6      | Bought a scroll of remove curse for 33 gold pieces
  5394 | D:6      | Bought a scroll of identify for 22 gold pieces
  5394 | D:6      | Bought a scroll of blinking for 82 gold pieces
  5411 | D:6      | Noticed Dowan
  5414 | D:6      | Noticed Duvessa
  5428 | D:6      | Gained mutation: You regenerate a little health from kills. [demonic ancestry]
  5428 | D:6      | Reached XP level 8. HP: 64/64 MP: 8/8
  5429 | D:6      | Killed Dowan
  5434 | D:6      | Killed Duvessa
  5514 | D:6      | Reached skill level 8 in Maces & Flails
  5658 | D:6      | Found a shimmering altar of Xom.
  5731 | D:6      | Noticed Kiel97's ghost (novice MiMo)
  5748 | D:6      | Killed Kiel97's ghost
  5748 | D:6      | Reached skill level 9 in Maces & Flails
  5897 | D:6      | Gained mutation: You have a pair of large antennae on your head. (SInv) [demonic ancestry]
  5897 | D:6      | Reached XP level 9. HP: 59/72 MP: 9/9
  5912 | D:6      | Found an iron altar of Okawaru.
  6079 | D:6      | Noticed Edmund
  6109 | D:6      | Killed Edmund
  7136 | D:7      | Reached skill level 10 in Maces & Flails
  7289 | D:7      | Reached **** piety under Trog
  7576 | D:8      | Found a sand-covered staircase.
  7585 | Ossuary  | Entered an ossuary
  7659 | Ossuary  | Noticed ohados's ghost (novice NaTm)
  7670 | Ossuary  | Killed ohados's ghost
  8122 | D:8      | Reached skill level 11 in Maces & Flails
  8256 | D:8      | Reached XP level 10. HP: 64/82 MP: 10/10
  8482 | D:8      | Found Jyet's Antique Armour Shoppe.
  8851 | D:9      | Found a snail-covered altar of Cheibriados.
  8881 | D:9      | Found a stormy altar of Qazlal.
  8984 | D:9      | Reached ***** piety under Trog
  9215 | D:9      | Noticed vuolankoinen's ghost (novice KoEn)
  9282 | D:9      | Killed vuolankoinen's ghost
  9282 | D:9      | Reached skill level 12 in Maces & Flails
  9356 | D:9      | Found an opulent altar of Gozag.
  9811 | D:9      | Found a glowing silver altar of Zin.
 10229 | D:10     | Entered Level 10 of the Dungeon
 10276 | D:10     | Gained mutation: You are completely covered in molten scales. (AC +4, rF+) [demonic ancestry]
 10276 | D:10     | Reached XP level 11. HP: 73/89 MP: 11/11
 10370 | D:10     | Found an opulent altar of Gozag.
 10517 | D:10     | Reached skill level 5 in Armour
 10619 | D:10     | Reached skill level 13 in Maces & Flails
 11462 | D:10     | Found Woneudyo's Quality Used Wands.
 11494 | D:10     | Noticed Fannar
 11563 | D:10     | Noticed Harold
 11581 | D:10     | Killed Harold
 11913 | D:10     | Received a gift from Trog
 12497 | D:10     | Identified a +0 rod of clouds (12/12) (You found it on level 10 of the Dungeon)
 12702 | D:11     | Noticed a hill giant
 12715 | D:11     | Killed a hill giant
 13313 | D:11     | Found a staircase to the Lair.
 13349 | D:11     | Noticed a hill giant
 13356 | D:11     | Reached skill level 14 in Maces & Flails
 13361 | D:11     | Killed a hill giant
 13720 | D:11     | Noticed a red ugly thing
 13746 | D:11     | Killed a red ugly thing
 13930 | D:11     | Noticed an eight-headed hydra
 13942 | D:11     | Killed an eight-headed hydra
 13942 | D:11     | Reached XP level 12. HP: 95/95 MP: 12/12
 14440 | Lair:1   | Entered Level 1 of the Lair of Beasts
 14598 | Lair:1   | Noticed an eight-headed hydra
 14610 | Lair:1   | Killed an eight-headed hydra
 14820 | Lair:1   | Noticed a six-headed hydra
 14835 | Lair:1   | Killed a six-headed hydra
 14835 | Lair:1   | Received a gift from Trog
 15206 | Lair:1   | Reached skill level 10 in Fighting
 15514 | Lair:1   | Noticed an eight-headed hydra
 15522 | Lair:1   | HP: 2/147 [eight-headed hydra (8)]
 15522 | Lair:1   | Mangled by an eight-headed hydra

Skill      XL: |  1  2  3  4  5  6  7  8  9 10 11 12 |
---------------+-------------------------------------+-----
Maces & Flails | 3 4 5 6 7 9 11 12 14 | 14.8
Fighting       | 4 5 6 7 8 9 10 | 10.4
Armour         | 4 7 |  7.7
Dodging        | |  1.7

Action                   |  1- 3 |  4- 6 |  7- 9 | 10-12 || total
-------------------------+-------+-------+-------+-------++-------
Melee: Mace              |   131 |   119 |   222 |       ||   472
       Flail             |       |       |   419 |  1147 ||  1566
Invok: Berserk           |     2 |     6 |     7 |    22 ||    37
       Trog's Hand       |       |       |     1 |     5 ||     6
       Brothers in Arms  |       |       |       |     1 ||     1
  Use: Scroll            |       |       |    17 |     8 ||    25
       Potion            |       |       |     1 |     4 ||     5
  Eat: Chunk             |     3 |     6 |    19 |    41 ||    69
       Meat ration       |       |     1 |     1 |     1 ||     3
Armor: Animal skin       |    11 |       |       |       ||    11
       Ring mail         |    13 |       |       |       ||    13
       Scale mail        |    25 |    57 |   159 |       ||   241
       Chain mail        |       |       |   197 |   786 ||   983
Dodge: Dodged            |    84 |    52 |   291 |   450 ||   877
